[ AOE2 MATCH · #505169815 ]
UnrankedArmenians vs Georgians
Player's team · WIN
Rival team · LOSS
[ REPLAY ANALYSIS · EXTRACTED FROM THE RECORDED GAME ]
Feudal
16:15
Castle
19:45
Imperial
—
| APM avg | 41.4 |
| APM peak | 97 |
| eAPM avg | 18.7 |
| Villagers / military | 75 / 14 |
Focus
⚔️ 24.4% · 🌾 75.6%
Monk ×8 · Mangonel ×3 · Scorpion ×1 · Battering Ram ×1 · Warrior Priest ×1
Feudal
16:55
Castle
21:25
Imperial
—
| APM avg | 54.9 |
| APM peak | 119 |
| eAPM avg | 23.9 |
| Villagers / military | 73 / 12 |
Focus
⚔️ 29.2% · 🌾 70.8%
Monk ×9 · Mangonel ×3
Match map
Initial resources + every placement click. Lines = walls · curves = elevation contours. ◆ gold · ⬟ stone · ● berries · ✦ relic · ◌ wall gap
Your base· ✓ Closed at 19:45 · 33t walls · 3 gate(s)
STORM | Noszombie's base· ✓ Closed at 21:25 · 45t walls · no gate
Smoothed initial terrain · ◌ = detected wall gap · hover for details
Inputs per minute
— Ghosty - - STORM | Noszombie
Build order — Ghosty
First 150 of 188 actions detected
| 0:00 | Create | Villager (Male) ×4 |
| 0:02 | Build | House |
| 0:03 | Build | House |
| 0:22 | Research | Loom |
| 0:26 | Create | Villager (Male) |
| 0:26 | Create | Villager (Male) |
| 0:26 | Create | Villager (Male) |
| 1:21 | Build | Palisade Gate |
| 1:29 | Build | Palisade Wall |
| 2:03 | Create | Villager (Male) |
| 2:03 | Create | Villager (Male) |
| 2:39 | Create | Villager (Male) |
| 3:09 | Create | Villager (Male) |
| 3:09 | Create | Villager (Male) |
| 3:40 | Create | Villager (Male) |
| 3:48 | Build | Palisade Wall |
| 4:10 | Build | House |
| 4:12 | Build | Palisade Wall |
| 4:15 | Build | Palisade Wall |
| 4:23 | Create | Villager (Male) |
| 4:56 | Build | House |
| 4:59 | Create | Villager (Male) |
| 5:24 | Create | Villager (Male) |
| 5:53 | Create | Villager (Male) |
| 6:13 | Build | Palisade Wall |
| 6:14 | Build | Palisade Wall |
| 6:15 | Build | Palisade Wall |
| 6:22 | Create | Villager (Male) |
| 6:32 | Build | House |
| 7:07 | Build | Palisade Wall |
| 7:08 | Build | Palisade Wall |
| 7:11 | Create | Villager (Male) |
| 7:30 | Create | Villager (Male) |
| 7:30 | Create | Villager (Male) |
| 7:42 | Create | Villager (Male) |
| 7:53 | Build | House |
| 8:10 | Build | House |
| 8:15 | Build | Palisade Wall |
| 8:27 | Create | Villager (Male) |
| 9:06 | Create | Villager (Male) |
| 9:07 | Create | Villager (Male) |
| 9:11 | Build | Mule Cart |
| 9:32 | Build | Palisade Gate |
| 9:35 | Build | House |
| 9:54 | Create | Villager (Male) |
| 9:59 | Build | House |
| 10:29 | Create | Villager (Male) |
| 10:58 | Build | Mill |
| 10:59 | Create | Villager (Male) |
| 11:29 | Create | Villager (Male) |
| 11:45 | Build | House |
| 11:49 | Create | Villager (Male) |
| 12:18 | Create | Villager (Male) |
| 12:19 | Create | Villager (Male) |
| 12:34 | Build | House |
| 12:36 | Build | Palisade Gate |
| 12:39 | Build | House |
| 12:40 | Build | Palisade Wall |
| 12:42 | Build | Palisade Wall |
| 12:43 | Build | Palisade Wall |
| 12:51 | Create | Villager (Male) |
| 13:16 | Create | Villager (Male) |
| 13:44 | Build | Mule Cart |
| 14:00 | Research | Feudal Age |
| 14:19 | Build | Mule Cart |
| 14:32 | Create | Villager (Male) |
| 14:32 | Create | Villager (Male) |
| 14:43 | Build | House |
| 15:34 | Build | Farm |
| 15:37 | Build | Farm |
| 15:39 | Build | Farm |
| 16:15 | Age | Feudal Age |
| 16:16 | Build | Market |
| 16:18 | Build | Blacksmith |
| 16:40 | Build | Watch Tower |
| 17:05 | Research | Castle Age |
| 17:09 | Research | Double-Bit Axe |
| 17:46 | Research | Horse Collar |
| 18:01 | Build | Gate |
| 18:03 | Build | Stone Wall |
| 18:03 | Build | Stone Wall |
| 18:05 | Build | Stone Wall |
| 18:19 | Build | Stone Wall |
| 18:20 | Build | Stone Wall |
| 18:37 | Build | Mule Cart |
| 18:42 | Research | Gold Mining |
| 18:44 | Create | Villager (Male) |
| 18:44 | Create | Villager (Male) |
| 19:45 | Age | Castle Age |
| 19:46 | Build | Siege Workshop |
| 19:48 | Research | Bow Saw |
| 20:04 | Create | Villager (Male) |
| 20:16 | Build | Monastery |
| 20:20 | Create | Battering Ram |
| 20:49 | Build | Monastery |
| 20:51 | Create | Villager (Male) |
| 20:57 | Create | Mangonel |
| 21:03 | Build | House |
| 21:17 | Create | Villager (Male) |
| 21:19 | Create | Monk |
| 21:20 | Create | Monk |
| 21:22 | Create | Monk |
| 21:33 | Create | Warrior Priest |
| 21:45 | Create | Villager (Male) |
| 21:49 | Build | Town Center |
| 21:58 | Build | House |
| 22:01 | Build | House |
| 22:01 | Build | House |
| 22:21 | Create | Villager (Male) |
| 22:25 | Research | Town Watch |
| 22:49 | Create | Scorpion |
| 22:57 | Create | Villager (Male) |
| 23:01 | Create | Villager (Male) |
| 23:36 | Research | Atonement |
| 23:45 | Build | Outpost |
| 23:45 | Create | Villager (Male) |
| 23:49 | Build | Farm |
| 23:51 | Build | Farm |
| 23:54 | Build | Town Center |
| 23:55 | Create | Villager (Male) |
| 24:01 | Build | Outpost |
| 24:34 | Build | Palisade Gate |
| 24:41 | Build | Palisade Gate |
| 24:47 | Create | Villager (Male) |
| 24:53 | Research | Redemption |
| 24:57 | Build | Farm |
| 24:59 | Build | Outpost |
| 25:07 | Build | Farm |
| 25:07 | Build | Farm |
| 25:07 | Build | Farm |
| 25:08 | Build | Farm |
| 25:08 | Build | Farm |
| 25:08 | Build | Farm |
| 25:08 | Build | Farm |
| 25:11 | Create | Villager (Male) |
| 25:18 | Build | Farm |
| 25:18 | Build | Farm |
| 25:18 | Build | Farm |
| 25:18 | Build | Farm |
| 25:19 | Build | Farm |
| 25:19 | Build | Farm |
| 25:19 | Build | Farm |
| 25:19 | Build | Farm |
| 25:20 | Build | Farm |
| 25:20 | Build | Farm |
| 25:36 | Create | Mangonel |
| 25:49 | Create | Mangonel |
| 25:53 | Create | Villager (Male) |
| 25:58 | Create | Villager (Male) |
| 26:00 | Create | Monk |
Build order — STORM | Noszombie
First 150 of 177 actions detected
| 0:01 | Create | Villager (Male) |
| 0:02 | Create | Villager (Male) |
| 0:02 | Build | House |
| 0:04 | Build | House |
| 0:04 | Create | Villager (Male) |
| 0:18 | Create | Villager (Male) |
| 0:18 | Create | Villager (Male) |
| 1:32 | Research | Loom |
| 1:56 | Create | Villager (Male) |
| 2:19 | Create | Villager (Male) |
| 3:00 | Create | Villager (Male) |
| 3:01 | Create | Villager (Male) |
| 3:01 | Create | Villager (Male) |
| 3:42 | Build | House |
| 3:51 | Build | House |
| 4:19 | Create | Villager (Male) |
| 4:20 | Create | Villager (Male) |
| 4:37 | Create | Villager (Male) |
| 5:21 | Create | Villager (Male) |
| 5:21 | Create | Villager (Male) |
| 5:22 | Create | Villager (Male) |
| 5:45 | Create | Villager (Male) |
| 5:45 | Create | Villager (Male) |
| 5:54 | Build | House |
| 5:57 | Create | Villager (Male) |
| 6:18 | Build | Palisade Wall |
| 6:18 | Build | Palisade Wall |
| 6:37 | Create | Villager (Male) |
| 6:37 | Create | Villager (Male) |
| 6:37 | Create | Villager (Male) |
| 6:55 | Build | Palisade Wall |
| 7:01 | Build | Palisade Wall |
| 7:04 | Build | Palisade Wall |
| 7:05 | Build | Palisade Wall |
| 7:08 | Build | Palisade Wall |
| 7:10 | Build | Palisade Wall |
| 7:12 | Build | Palisade Wall |
| 7:56 | Build | Palisade Wall |
| 7:58 | Build | Palisade Wall |
| 8:05 | Build | Palisade Wall |
| 8:18 | Create | Villager (Male) |
| 8:19 | Create | Villager (Male) |
| 8:44 | Create | Villager (Male) |
| 8:57 | Build | Mill |
| 9:08 | Build | Palisade Wall |
| 9:17 | Build | Palisade Wall |
| 9:18 | Build | Palisade Wall |
| 9:43 | Build | Palisade Wall |
| 9:44 | Build | Palisade Wall |
| 9:47 | Build | Palisade Wall |
| 9:56 | Create | Villager (Male) |
| 9:56 | Create | Villager (Male) |
| 9:57 | Create | Villager (Male) |
| 10:04 | Build | Palisade Wall |
| 10:08 | Build | Palisade Wall |
| 10:08 | Build | Palisade Wall |
| 10:11 | Build | Palisade Wall |
| 10:12 | Build | Palisade Wall |
| 10:13 | Create | Villager (Male) |
| 10:31 | Build | Palisade Wall |
| 10:37 | Create | Villager (Male) |
| 10:38 | Create | Villager (Male) |
| 10:51 | Build | House |
| 11:21 | Build | Palisade Wall |
| 11:24 | Create | Villager (Male) |
| 11:24 | Create | Villager (Male) |
| 11:26 | Build | Mule Cart |
| 11:33 | Create | Villager (Male) |
| 11:49 | Build | Palisade Wall |
| 11:55 | Create | Villager (Male) |
| 12:14 | Build | Palisade Wall |
| 12:20 | Create | Villager (Male) |
| 12:22 | Build | House |
| 12:30 | Create | Villager (Male) |
| 12:43 | Build | Mule Cart |
| 12:44 | Create | Villager (Male) |
| 12:56 | Create | Villager (Male) |
| 13:50 | Create | Villager (Male) |
| 13:52 | Build | Farm |
| 14:13 | Create | Villager (Male) |
| 14:45 | Research | Feudal Age |
| 14:45 | Research | Feudal Age |
| 14:45 | Research | Feudal Age |
| 14:54 | Build | House |
| 15:04 | Build | Farm |
| 15:26 | Create | Villager (Male) |
| 15:26 | Create | Villager (Male) |
| 16:34 | Build | Farm |
| 16:55 | Age | Feudal Age |
| 17:02 | Build | Stone Wall |
| 17:03 | Create | Villager (Male) |
| 17:11 | Build | Stone Wall |
| 17:13 | Build | Stone Wall |
| 17:14 | Create | Villager (Male) |
| 17:30 | Create | Villager (Male) |
| 17:31 | Build | Market |
| 17:33 | Build | Blacksmith |
| 17:50 | Build | Farm |
| 17:52 | Build | Farm |
| 17:55 | Build | Farm |
| 18:11 | Create | Villager (Male) |
| 18:45 | Research | Castle Age |
| 18:46 | Research | Castle Age |
| 18:46 | Research | Castle Age |
| 18:55 | Build | Farm |
| 18:59 | Build | Farm |
| 19:17 | Build | Mule Cart |
| 19:30 | Build | Farm |
| 19:31 | Research | Horse Collar |
| 19:31 | Research | Horse Collar |
| 19:31 | Research | Horse Collar |
| 19:45 | Build | Outpost |
| 19:53 | Research | Double-Bit Axe |
| 19:54 | Research | Double-Bit Axe |
| 19:54 | Research | Double-Bit Axe |
| 20:01 | Build | Farm |
| 20:19 | Build | House |
| 21:11 | Research | Town Watch |
| 21:25 | Age | Castle Age |
| 21:29 | Build | Monastery |
| 21:35 | Build | Siege Workshop |
| 21:43 | Create | Villager (Male) |
| 22:01 | Research | Bow Saw |
| 22:01 | Research | Bow Saw |
| 22:02 | Create | Monk |
| 22:04 | Create | Villager (Male) |
| 22:24 | Create | Mangonel |
| 22:27 | Create | Villager (Male) |
| 22:48 | Create | Villager (Male) |
| 23:11 | Research | Sanctity |
| 23:11 | Research | Sanctity |
| 23:42 | Create | Villager (Male) |
| 23:42 | Create | Villager (Male) |
| 24:00 | Create | Villager (Male) |
| 24:00 | Create | Villager (Male) |
| 24:01 | Build | Monastery |
| 24:17 | Create | Mangonel |
| 24:23 | Create | Monk |
| 25:01 | Build | House |
| 25:05 | Research | Redemption |
| 25:05 | Research | Redemption |
| 25:08 | Create | Villager (Male) |
| 25:09 | Build | House |
| 25:32 | Create | Villager (Male) |
| 25:35 | Create | Villager (Male) |
| 25:49 | Create | Monk |
| 25:55 | Build | House |
| 26:09 | Create | Monk |
| 26:13 | Create | Villager (Male) |
| 26:20 | Create | Villager (Male) |
Match timeline
| 1:29 | Ghosty · wall_segment Palisade Wall x1 |
| 3:48 | Ghosty · wall_segment Palisade Wall x6 |
| 4:12 | Ghosty · wall_segment Palisade Wall x1 |
| 4:15 | Ghosty · wall_segment Palisade Wall x2 |
| 6:13 | Ghosty · wall_segment Palisade Wall x1 |
| 6:14 | Ghosty · wall_segment Palisade Wall x1 |
| 6:15 | Ghosty · wall_segment Palisade Wall x1 |
| 6:18 | STORM | Noszombie · wall_segment Palisade Wall x1 |
| 6:18 | STORM | Noszombie · wall_segment Palisade Wall x1 |
| 6:55 | STORM | Noszombie · wall_segment Palisade Wall x1 |
| 7:01 | STORM | Noszombie · wall_segment Palisade Wall x1 |
| 7:04 | STORM | Noszombie · wall_segment Palisade Wall x1 |
| 7:05 | STORM | Noszombie · wall_segment Palisade Wall x1 |
| 7:07 | Ghosty · wall_segment Palisade Wall x1 |
| 7:08 | Ghosty · wall_segment Palisade Wall x6 |
| 7:08 | STORM | Noszombie · wall_segment Palisade Wall x1 |
| 7:10 | STORM | Noszombie · wall_segment Palisade Wall x1 |
| 7:12 | STORM | Noszombie · wall_segment Palisade Wall x1 |
| 7:56 | STORM | Noszombie · wall_segment Palisade Wall x1 |
| 7:58 | STORM | Noszombie · wall_segment Palisade Wall x2 |
| 8:05 | STORM | Noszombie · wall_segment Palisade Wall x1 |
| 8:15 | Ghosty · wall_segment Palisade Wall x8 |
| 9:08 | STORM | Noszombie · wall_segment Palisade Wall x10 |
| 9:17 | STORM | Noszombie · wall_segment Palisade Wall x1 |
| 9:18 | STORM | Noszombie · wall_segment Palisade Wall x1 |
| 9:43 | STORM | Noszombie · wall_segment Palisade Wall x1 |
| 9:44 | STORM | Noszombie · wall_segment Palisade Wall x1 |
| 9:47 | STORM | Noszombie · wall_segment Palisade Wall x1 |
| 10:04 | STORM | Noszombie · wall_segment Palisade Wall x2 |
| 10:08 | STORM | Noszombie · wall_segment Palisade Wall x1 |
| 10:08 | STORM | Noszombie · wall_segment Palisade Wall x1 |
| 10:11 | STORM | Noszombie · wall_segment Palisade Wall x1 |
| 10:12 | STORM | Noszombie · wall_segment Palisade Wall x1 |
| 10:31 | STORM | Noszombie · wall_segment Palisade Wall x1 |
| 11:21 | STORM | Noszombie · wall_segment Palisade Wall x1 |
| 11:49 | STORM | Noszombie · wall_segment Palisade Wall x1 |
| 12:14 | STORM | Noszombie · wall_segment Palisade Wall x1 |
| 12:40 | Ghosty · wall_segment Palisade Wall x1 |
| 12:42 | Ghosty · wall_segment Palisade Wall x1 |
| 12:43 | Ghosty · wall_segment Palisade Wall x1 |
| 16:15 | Ghosty · age_up feudal |
| 16:55 | STORM | Noszombie · age_up feudal |
| 17:02 | STORM | Noszombie · wall_segment Stone Wall x6 |
| 17:11 | STORM | Noszombie · wall_segment Stone Wall x1 |
| 17:13 | STORM | Noszombie · wall_segment Stone Wall x1 |
| 18:03 | Ghosty · wall_segment Stone Wall x1 |
| 18:03 | Ghosty · wall_segment Stone Wall x1 |
| 18:05 | Ghosty · wall_segment Stone Wall x1 |
| 18:19 | Ghosty · wall_segment Stone Wall x1 |
| 18:20 | Ghosty · wall_segment Stone Wall x1 |
| 19:45 | Ghosty · age_up castle |
| 19:46 | Ghosty · first_building Siege Workshop |
| 20:16 | Ghosty · first_building Monastery |
| 21:25 | STORM | Noszombie · age_up castle |
| 21:29 | STORM | Noszombie · first_building Monastery |
| 21:35 | STORM | Noszombie · first_building Siege Workshop |
| 21:51 | STORM | Noszombie · first_market_sell 100 stone |
| 23:52 | Ghosty · first_market_buy 100 stone |
| 24:15 | STORM | Noszombie · first_market_buy 100 wood |
| 30:48 | STORM | Noszombie · resign |
[ AI ANALYSIS · 1 CREDIT ]
What really happened in this match?
Wolo.gg analyzes every decision: build order, eco, micro, common mistakes by bracket. Personalized analysis on WhatsApp or Discord in 30 seconds.
Civ guide
Armenians
Perfil
Jugador #24926497